Map: Echo LE (Void)

Players

Nerchio - Winner!

  • Race: Zerg Zerg
  • Spawn Location: 11:00

harstem

  • Race: Protoss Protoss
  • Spawn Location: 5:00

Event: WESG 2016 Finals

VOD

Have the link to the VOD?

Description

Time

  • Played on: Jan. 11, 2017, 11:40 p.m.
  • Length: 12:24

All games in this series

Show
View Real Time Build Order
Export as new Build Order

Nerchio Zerg - Winner!

Build Orders: Hatch First, Lurkers 

Get SALT Encoding   

  12  0:00  Drone  
  13  0:13  Overlord  
  13  0:17  Drone  
  14  0:31  Drone x2  
  14  0:34  Drone  
  17  0:51  Hatchery  
  17  0:54  Drone  
  18  0:57  Drone  
  18  1:03  Extractor  
  17  1:12  Spawning Pool  
  17  1:15  Drone  
  17  1:19  Drone  
  18  1:28  Drone  
  19  1:39  Drone  
  20  1:50  Hatchery  
  19  2:03  Queen  
  19  2:05  Metabolic Boost  
  21  2:09  Drone  
  21  2:12  Drone  
  21  2:15  Zergling x2  
  24  2:19  Drone  
  25  2:24  Overlord  
  25  2:32  Queen  
  25  2:35  Drone  
  28  2:42  Drone  
  28  2:43  Drone x2  
  31  2:46  Drone  
  31  2:50  Overlord  
  32  2:55  Drone  
  32  2:58  Drone  
  34  3:02  Queen  
  36  3:08  Drone x2  
  36  3:09  Drone  
  39  3:13  Drone x2  
  39  3:16  Drone  
  39  3:18  Zergling x2  
  39  3:19  Zergling x2  
  44  3:26  Lair  
  44  3:31  Roach Warren  
  44  3:33  Drone  
  44  3:36  Drone x2  
  44  3:38  Drone  
  47  3:42  Drone x2  
  47  3:44  Extractor  
  47  3:45  Extractor  
  47  3:46  Overlord  
  47  3:48  Drone  
  48  3:52  Overlord  
  48  3:55  Overlord  
  48  4:04  Drone x2  
  48  4:05  Drone  
  48  4:09  Spore Crawler  
  50  4:11  Roach x3  
  50  4:12  Roach  
  50  4:15  Roach  
  59  4:17  Roach  
  60  4:25  Overseer  
  60  4:27  Roach  
  60  4:28  Drone x4  
  60  4:29  Drone  
  67  4:34  Drone x3  
  70  4:39  Overlord  
  70  4:52  Drone x3  
  71  4:53  Drone  
  71  4:54  Drone, Glial Reconstitution  
  71  4:57  Overlord, Queen  
  71  4:59  Drone  
  76  5:01  Drone x2  
  76  5:03  Drone  
  76  5:04  Drone  
  76  5:05  Drone  
  81  5:09  Overlord  
  81  5:13  Evolution Chamber  
  80  5:15  Extractor  
  80  5:17  Roach x3  
  85  5:30  Overlord  
  85  5:32  Overlord  
  85  5:33  Drone x9  
  94  5:36  Extractor  
  94  5:37  Extractor  
  94  5:39  Hydralisk Den  
  94  5:40  Overlord  
  94  5:41  Overlord  
  91  5:44  Overlord  
  91  5:54  Zerg Missile Weapons Level 1  
  91  5:55  Drone x2  
  91  5:56  Drone  
  94  6:15  Hydralisk x5, Muscular Augments  
  94  6:16  Hydralisk  
  94  6:18  Hydralisk  
  104  6:20  Hatchery  
  104  6:22  Hydralisk  
  104  6:24  Spore Crawler  
  106  6:27  Hydralisk x2  
  106  6:30  Hydralisk  
  110  6:33  Hydralisk  
  111  6:42  Hydralisk  
  111  6:43  Hydralisk x2  
  115  6:59  Baneling Nest, Drone x4  
  115  7:00  Drone x6  
  124  7:02  Overlord  
  124  7:06  Queen  
  126  7:09  Overlord  
  126  7:14  Overlord  
  126  7:15  Overseer, Extractor  
  126  7:19  Overlord  
  125  7:23  Zergling x8  
  125  7:26  Lurker Den  
  125  7:27  Overseer  
  125  7:29  Zergling x4  
  131  7:33  Hydralisk x2  
  131  7:34  Hydralisk  
  137  7:38  Hydralisk  
  139  7:49  Zergling x2  
  139  7:50  Zergling x14  
  147  7:57  Zerg Missile Weapons Level 2  
  147  8:01  Hydralisk x2  
  147  8:02  Hydralisk x3  
  147  8:03  Queen  
  157  8:09  Centrifical Hooks  
  157  8:14  Overlord x3  
  157  8:20  Drone  
  157  8:21  Drone x2, Hydralisk x2  
  164  8:33  Spine Crawler  
  163  8:34  Spine Crawler  
  163  8:38  Spine Crawler x2  
  160  8:42  Hydralisk x2  
  160  8:43  Hydralisk  
  160  8:45  Hydralisk  
  160  8:46  Hydralisk  
  170  8:49  Baneling x7  
  170  8:52  Lurker x5  
  170  8:53  Lurker x2  
  177  8:56  Lurker  
  177  9:02  Pneumatized Carapace  
  178  9:06  Zergling x20  
  184  9:33  Hydralisk x8  
  184  9:34  Hydralisk  
  184  9:42  Overlord x2  
  184  9:44  Baneling x10  
  182  9:47  Zergling x20  
  192  9:55  Spire  
  192  9:59  Zergling x2  
  192  10:05  Baneling  
  192  10:06  Baneling x8  
  186  10:17  Hydralisk x6  
  186  10:20  Zergling x4  
  179  10:23  Hydralisk x2  
  149  10:29  Zergling x16  
  149  10:35  Zergling x4  
  159  10:41  Zergling x6  
  162  10:46  Baneling x4  
  162  10:47  Hydralisk x2  
  166  10:50  Spore Crawler  
  166  10:51  Spore Crawler  
  166  10:56  Hydralisk  
  166  10:59  Hydralisk  
  166  11:00  Hydralisk  
  170  11:04  Baneling x6  
  170  11:07  Zergling x6  
  170  11:10  Hatchery  
  172  11:11  Zergling x6  
  172  11:12  Zergling x2  
  176  11:24  Zergling x12  
  176  11:25  Zergling x8  
  179  11:28  Zergling x2  
  179  11:30  Zergling x4  
  171  11:34  Hydralisk  
  171  11:36  Hydralisk x3  
  174  11:41  Hydralisk x2  
  174  11:43  Hydralisk  
  157  11:47  Zergling x4  
  157  11:48  Zergling x2  
  157  11:49  Zergling x2  
  157  11:50  Zergling x4  
  152  11:54  Zergling x6  
  152  11:57  Zergling x4  
  152  12:00  Zergling x6  
  152  12:01  Zergling x2  
Show
View Real Time Build Order
Export as new Build Order

harstem Protoss 

Build Orders: 1 Gate Expand, Zealot Archon, Dark Templar Rush 

Get SALT Encoding   

  12  0:00  Probe (Chrono Boost)  
  13  0:11  Probe (Chrono Boost)  
  14  0:19  Pylon  
  14  0:22  Probe (Chrono Boost)  
  15  0:37  Probe (Chrono Boost)  
  15  0:40  Gateway  
  16  0:44  Assimilator  
  16  0:47  Probe (Chrono Boost)  
  17  0:58  Probe (Chrono Boost)  
  18  1:08  Probe (Chrono Boost)  
  19  1:19  Probe (Chrono Boost)  
  19  1:22  Nexus  
  20  1:33  Cybernetics Core  
  20  1:36  Probe (Chrono Boost)  
  21  1:43  Assimilator  
  22  1:47  Probe (Chrono Boost)  
  22  1:51  Pylon  
  22  1:57  Probe (Chrono Boost)  
  23  2:06  Adept  
  23  2:10  Warp Gate  
  23  2:11  Probe (Chrono Boost)  
  26  2:17  Twilight Council  
  26  2:22  Probe (Chrono Boost)  
  27  2:33  Probe (Chrono Boost)  
  29  2:37  Probe (Chrono Boost)  
  29  2:39  Robotics Facility  
  29  2:43  Probe (Chrono Boost)  
  30  2:47  Probe (Chrono Boost)  
  31  2:54  Probe (Chrono Boost)  
  31  2:58  Probe (Chrono Boost)  
  33  3:01  Dark Shrine  
  33  3:06  Probe (Chrono Boost)  
  33  3:09  Probe (Chrono Boost)  
  33  3:12  Gateway  
  35  3:16  Probe (Chrono Boost)  
  35  3:19  Probe (Chrono Boost)  
  37  3:21  Warp Prism  
  40  3:28  Probe (Chrono Boost)  
  40  3:30  Adept  
  40  3:32  Mothership Core (Chrono Boost)  
  44  3:39  Pylon  
  44  3:41  Probe (Chrono Boost)  
  45  3:49  Assimilator  
  45  3:51  Probe (Chrono Boost)  
  46  3:56  Pylon  
  46  3:57  Probe (Chrono Boost)  
  46  4:02  Probe (Chrono Boost)  
  48  4:08  Probe (Chrono Boost)  
  49  4:11  Nexus  
  49  4:13  Probe (Chrono Boost), Pylon  
  50  4:18  Probe (Chrono Boost)  
  50  4:24  Dark Templar x2  
  53  4:27  Probe (Chrono Boost)  
  56  4:32  Probe (Chrono Boost)  
  56  4:35  Assimilator  
  56  4:37  Probe (Chrono Boost), Pylon  
  56  4:48  Immortal  
  56  4:49  Probe (Chrono Boost)  
  58  4:53  Probe (Chrono Boost)  
  58  4:59  Dark Templar x2  
  67  5:01  Probe (Chrono Boost)  
  67  5:02  Pylon  
  67  5:03  Probe (Chrono Boost), Archon  
  68  5:13  Probe (Chrono Boost)  
  69  5:16  Probe (Chrono Boost)  
  69  5:18  Gateway  
  69  5:19  Gateway  
  70  5:21  Forge  
  70  5:24  Probe (Chrono Boost)  
  70  5:25  Probe (Chrono Boost)  
  70  5:26  Probe (Chrono Boost)  
  73  5:32  Dark Templar  
  73  5:34  Probe (Chrono Boost)  
  77  5:36  Immortal  
  77  5:37  Probe (Chrono Boost)  
  77  5:38  Archon  
  77  5:42  Probe (Chrono Boost)  
  82  5:43  Protoss Ground Weapons Level 1  
  82  5:45  Probe (Chrono Boost)  
  82  5:49  Probe (Chrono Boost)  
  84  5:51  Gateway  
  84  5:52  Sentry, Probe (Chrono Boost)  
  84  5:53  Charge, Pylon  
  87  6:02  Probe (Chrono Boost)  
  88  6:06  Zealot  
  88  6:07  Pylon  
  90  6:14  Immortal  
  90  6:16  Probe (Chrono Boost)  
  90  6:18  Probe (Chrono Boost)  
  93  6:22  Gateway x2  
  96  6:25  Assimilator  
  96  6:28  Assimilator  
  96  6:30  Probe (Chrono Boost), Pylon  
  96  6:32  Probe (Chrono Boost)  
  98  6:47  Zealot x4  
  98  6:48  Immortal  
  98  6:49  Pylon  
  98  6:52  Probe (Chrono Boost)  
  101  7:00  Robotics Bay, Gateway  
  101  7:02  Gateway  
  101  7:04  Robotics Facility  
  101  7:05  Dark Templar  
  101  7:08  Dark Templar, Zealot  
  107  7:16  Archon  
  107  7:19  Pylon  
  107  7:22  Warp Prism  
  107  7:24  Pylon  
  109  7:30  Zealot x3, Protoss Ground Weapons Level 2  
  109  7:35  Photon Cannon  
  115  7:38  Stalker, Pylon x2  
  117  7:48  Disruptor  
  117  7:55  Observer  
  121  7:58  Zealot x4  
  125  8:10  Dark Templar x2  
  125  8:11  Disruptor  
  130  8:14  Probe (Chrono Boost), Pylon  
  130  8:18  Photon Cannon, Archon  
  130  8:19  Dark Templar x2  
  137  8:24  Archon  
  137  8:27  Disruptor  
  137  8:28  Dark Templar x2  
  137  8:29  Zealot x2  
  137  8:32  Pylon  
  137  8:34  Pylon  
  148  8:35  Archon  
  148  8:43  Disruptor  
  141  8:55  Stalker  
  141  8:56  Nexus  
  141  8:59  Pylon  
  141  9:01  Disruptor  
  141  9:02  Assimilator  
  143  9:06  Assimilator  
  143  9:08  Dark Templar  
  143  9:09  Dark Templar  
  150  9:11  Zealot x5  
  158  9:17  Photon Cannon  
  158  9:18  Archon  
  158  9:19  Disruptor  
  155  9:35  Observer  
  149  9:42  Zealot x9  
  167  9:50  Disruptor  
  167  9:54  Photon Cannon  
  167  9:55  Photon Cannon  
  167  9:58  Mothership Core (Chrono Boost)  
  172  10:00  Photon Cannon  
  172  10:02  Dark Templar x2  
  172  10:03  Zealot  
  172  10:05  Observer  
  178  10:07  Archon  
  178  10:09  Observer Gravitic Boosters  
  147  10:27  Immortal  
  139  10:28  Zealot x6  
  139  10:29  Zealot  
  157  10:38  Dark Templar x2  
  157  10:40  Immortal  
  161  10:43  Archon  
  165  10:51  Dark Templar  
  165  10:52  Dark Templar  
  165  10:55  Archon  
  165  10:57  Zealot x2  
  167  11:12  Dark Templar x2  
  167  11:17  Dark Templar, Archon  
  173  11:25  Nexus  
  160  11:33  Observer  
  128  11:49  Zealot x8  
  129  12:20  Zealot x5  
  129  12:21  Zealot x4  
Tags
 
Add a new tag
Caveats
  • Supply blocks, unpowered buildings, or Contaminate may cause inaccurate times.
  • Supply counts are checked every 10 seconds.